 Dungeon Crawl Stone Soup version 0.23.2-40-g277498a001 (webtiles) character file.

Game seed: 46503068792617939

5574 Hydr0H0mie the Geomancer (level 10, -3/60 HPs)
             Began as a Gargoyle Earth Elementalist on Oct 2, 2019.
             Was an Elder of Vehumet.
             Slain by a seven-headed hydra (12 damage)
             ... on level 10 of the Dungeon.
             The game lasted 00:25:25 (13278 turns).

Hydr0H0mie the Geomancer (GrEE)                    Turns: 13278, Time: 00:25:30

Health: -3/60      AC: 11    Str: 16    XL:     10   Next: 72%
Magic:  22/22      EV: 12    Int: 18    God:    Vehumet [****..]
Gold:   726        SH:  0    Dex: 10    Spells: 14/25 levels left

rFire    . . .     SeeInvis .   o - +3 dagger (venom)
rCold    . . .     Gourm    .   (no shield)
rNeg     + . .     Faith    .   f - +0 robe
rPois    ∞         Spirit   .   B - +2 hat
rElec    +         Reflect  .   r - scarf {repulsion}
rCorr    .         Harm     .   (no gloves)
MR       .....                  (no boots)
Stlth    ++........             (no amulet)
HPRegen  0.20/turn              u - +3 ring of strength
MPRegen  0.18/turn              (no ring)

@: repel missiles
A: negative energy resistance 1, electricity resistance, unbreathing,
petrification resistance, rot immunity, AC +7
a: Renounce Religion


You were on level 10 of the Dungeon.
You worshipped Vehumet.
Vehumet was greatly pleased with you.
You were not hungry.

You visited 2 branches of the dungeon, and saw 11 of its levels.

You collected 726 gold pieces.

Inventory:

Hand Weapons
 o - a +3 dagger of venom (weapon)
 D - the +7 glaive "Vuwnezem" {venom, rElec Str-4 Int-2 Dex+9}
   (You found it on level 7 of the Dungeon)

   It poisons the flesh of those it strikes.
   It affects your strength (-4).
   It affects your intelligence (-2).
   It affects your dexterity (+9).
   It insulates you from electricity.
Missiles
 b - 269 stones (quivered)
Armour
 f - a +0 robe (worn)
 g - a cursed +1 shield
 j - a +0 cloak
 r - a scarf of repulsion (worn)
 y - a scarf of spirit shield
 B - a +2 hat (worn)
Jewellery
 u - a +3 ring of strength (left hand)
 I - a +6 ring of strength
 J - an uncursed ring of poison resistance {unknown}
Wands
 c - a wand of random effects (15)
 t - a wand of paralysis (5)
 z - a wand of flame (8)
 H - a wand of disintegration (11)
Scrolls
 a - a scroll of enchant armour
 e - 5 scrolls of magic mapping
 h - 4 scrolls of blinking
 i - a scroll of enchant weapon
 k - 2 scrolls of amnesia
 m - 3 scrolls of teleportation
 n - 2 scrolls of immolation
 v - a scroll of noise {unknown}
 E - a scroll of remove curse
 F - a scroll of torment {unknown}
Potions
 l - 2 potions of berserk rage
 p - 3 potions of haste
 q - 3 potions of curing
 s - a potion of agility
 w - a potion of degeneration {unknown}
 x - 3 potions of lignification {unknown}
 A - a potion of brilliance {unknown}
 C - a potion of heal wounds
 G - a potion of mutation {unknown}
Comestibles
 d - 9 rations


   Skills:
 + Level 6.0 Fighting
 - Level 1.5 Dodging
 - Level 2.1 Stealth
 * Level 4.3 Shields
 + Level 8.0 Spellcasting
 - Level 8.0 Conjurations
 - Level 0.7 Transmutations
 + Level 10.6 Earth Magic


You had 14 spell levels left.
You knew the following spells:

 Your Spells              Type           Power        Failure   Level  Hunger
a - Sandblast             Erth           #####.       1%          1    None
b - Passwall              Tmut/Erth      ####....     1%          2    None
c - Stone Arrow           Conj/Erth      #####.       1%          3    #......
e - Lee's Rapid Deconstr  Erth           #####.....   1%          5    #####..

Your spell library contained the following spells:

 Spells                   Type           Power        Failure   Level  Hunger
 Ignite Poison            Fire/Tmut/Pois #.......     7%          3    #......
 Animate Skeleton         Necr           N/A          10%         1    None
 Apportation              Tloc           #.....       10%         1    None
 Confusing Touch          Hex            #.....       10%         1    None
 Summon Small Mammal      Summ           #...         10%         1    None
 Petrify                  Tmut/Erth      ####....     10%         4    ###....


Dungeon Overview and Level Annotations

Branches:
Dungeon (10/15)            Temple (1/1) D:4            Lair (0/6) D:8
    Orc: D:9-12

Altars:
Ashenzari
Cheibriados
Dithmenos
Elyvilon
Fedhas
Gozag
Hepliaklqana
Kikubaaqudgha
Makhleb
Nemelex Xobeh
Okawaru
Qazlal
Ru
Sif Muna
Trog
Uskayaw
Vehumet
Wu Jian
Xom
Yredelemnul
Zin
The Shining One

Shops:
D:8 [   D:9 :

Annotations:
D:3 Grinder, Jessica
D:7 3 runed translucent doors, sydd's ghost, novice GnWr


Innate Abilities, Weirdness & Mutations

You are resistant to torment.
Your stone body is resilient. (AC +7)
You are immune to poison.
You resist negative energy. (rN+)
You are resistant to electric shocks. (rElec)
You can survive without breathing.
You are immune to petrification.
You are immune to rotting.


Message History

A wraith comes into view.
The cyclops barely misses you.
Unknown command.
The seven-headed hydra barely misses you.
The seven-headed hydra bites you.
The seven-headed hydra bites you but does no damage. x2
The seven-headed hydra bites you! The seven-headed hydra misses you.
The seven-headed hydra closely misses you.
The bullfrog skeleton completely misses you.
Unknown command.
Unknown command.
Unknown command.
The seven-headed hydra bites you!
The seven-headed hydra bites you but does no damage.
The seven-headed hydra bites you.
The seven-headed hydra closely misses you.
The seven-headed hydra bites you!
* * * LOW HITPOINT WARNING * * *
The seven-headed hydra bites you!
You die...

#...##
####...........
#...#.
#..#...........
......
#..............
.....###.............
##......###.........
#........#..........
#?.#..#..# .#....
####..#### ##....
#..#@.#..# ...
#.CD.....# ##.Z....##
#.......###.....
......... .....
..#.)W#..# .#..# #
#.⌠.#### ..# #.5. .#
....


You could see a seven-headed hydra, a cyclops, a wraith, a crimson imp
(wandering) and a bullfrog skeleton.

Vanquished Creatures
  Joseph (D:7)
  A centaur skeleton (D:8)
  Prince Ribbit (D:7)
  A hornet (D:8)
  A hippogriff (D:6)
  Grum (D:9)
  Menkaure (D:7)
  A porcupine (D:8)
  A water moccasin (D:9)
  4 orc warriors (D:8)
  An ice beast (D:5)
  A phantom (D:8)
  A sky beast (D:5)
  3 centaurs
  3 ogres
  4 wolves (D:8)
  6 big kobolds
  3 bullfrogs
  2 wyvern skeletons (D:8)
  4 scorpions
  9 killer bees (D:8)
  A howler monkey (D:8)
  A bullfrog zombie (D:9)
  2 crimson imps
  3 hounds
  A quasit (D:10)
  A jelly (D:4)
  5 orc priests
  4 iguanas
  4 orc wizards
  Natasha (twice) (D:2)
  Terence (D:3)
  5 worker ants
  A hound zombie (D:5)
  2 hound skeletons
  A worker ant zombie (D:8)
  5 gnolls
  7 adders
  An adder zombie (D:8)
  3 worms
  4 dart slugs
  10 leopard geckos
  43 orcs
  A ball python (D:5)
  2 bats (D:3)
  4 giant cockroaches
  17 hobgoblins
  9 jackals
  57 kobolds
  2 quokkas
  3 frilled lizards
  7 goblins
  A jackal zombie (D:8)
  2 leopard gecko skeletons
  4 rats
266 creatures vanquished.

Vanquished Creatures (others)
  7 fungi (D:8)
7 creatures vanquished.

Grand Total: 273 creatures vanquished

Notes
Turn   | Place    | Note
-------+----------+-------------------------------------------
     0 | D:1      | Hydr0H0mie the Gargoyle Earth Elementalist began the quest
                  | for the Orb.
     0 | D:1      | Reached XP level 1. HP: 10/10 MP: 3/3
   404 | D:1      | Reached XP level 2. HP: 15/15 MP: 5/5
   421 | D:1      | Reached skill level 4 in Earth Magic
   468 | D:1      | Learned a level 2 spell: Passwall
  1106 | D:1      | Reached XP level 3. HP: 19/19 MP: 6/6
  1965 | D:2      | Noticed Natasha
  2147 | D:2      | Found a deep blue altar of Sif Muna.
  2397 | D:2      | Reached XP level 4. HP: 19/24 MP: 8/8
  2818 | D:2      | Learned a level 3 spell: Stone Arrow
  2838 | D:2      | Killed Natasha
  2838 | D:2      | Reached skill level 5 in Earth Magic
  3093 | D:2      | Noticed Natasha
  3120 | D:2      | Killed Natasha
  3120 | D:2      | Reached skill level 1 in Conjurations
  3358 | D:3      | Reached XP level 5. HP: 26/28 MP: 7/10
  3501 | D:3      | Noticed Grinder
  3501 | D:3      | Noticed Jessica
  3586 | D:3      | Noticed Terence
  3595 | D:3      | Killed Terence
  4191 | D:3      | Reached XP level 6. HP: 31/32 MP: 11/11
  4298 | D:3      | Reached skill level 6 in Earth Magic
  4590 | D:3      | Reached XP level 7. HP: 18/36 MP: 9/13
  5605 | D:4      | Found a staircase to the Ecumenical Temple.
  5687 | D:4      | Learned a level 5 spell: Lee's Rapid Deconstruction
  5720 | D:4      | Reached skill level 7 in Earth Magic
  5816 | Temple   | Entered the Ecumenical Temple
  5994 | Temple   | Became a worshipper of Vehumet
  6052 | D:4      | Found a sacrificial altar of Ru.
  6126 | D:4      | Reached skill level 5 in Spellcasting
  6169 | D:4      | Noticed a +0 dagger
  6169 | D:4      | Noticed a +0 hand axe
  6375 | D:4      | Found a hide-covered altar of Uskayaw.
  6428 | D:5      | Entered Level 5 of the Dungeon
  6472 | D:5      | Reached XP level 8. HP: 41/41 MP: 0/15
  6742 | D:5      | Reached skill level 5 in Conjurations
  6751 | D:4      | Reached * piety under Vehumet
  6751 | D:4      | Offered knowledge of Sting by Vehumet.
  7035 | D:5      | Found a blossoming altar of Fedhas.
  7035 | D:5      | Found a shattered altar of Ashenzari.
  7036 | D:5      | Found a basalt altar of Yredelemnul.
  7328 | D:5      | Found an ancient bone altar of Kikubaaqudgha.
  7328 | D:5      | Found a shadowy altar of Dithmenos.
  7329 | D:5      | Found a bloodstained altar of Trog.
  7336 | D:5      | Reached skill level 8 in Earth Magic
  7480 | D:5      | Found a white marble altar of Elyvilon.
  7981 | D:6      | You fall through a shaft for 2 floors!
  7981 | D:8      | Found Wegivul's Armour Shoppe.
  8019 | D:8      | Reached skill level 1 in Fighting
  8054 | D:8      | Reached XP level 9. HP: 38/48 MP: 6/18
  8282 | D:8      | Reached ** piety under Vehumet
  8282 | D:8      | Offered knowledge of Freeze by Vehumet.
  8384 | D:8      | Reached skill level 9 in Earth Magic
  8993 | D:8      | Found a staircase to the Lair.
  9015 | D:8      | Noticed a hornet
  9024 | D:8      | Killed a hornet
  9024 | D:8      | Offered knowledge of Throw Flame by Vehumet.
  9231 | D:8      | Reached *** piety under Vehumet
  9548 | D:8      | Reached XP level 10. HP: 51/58 MP: 7/20
  9822 | D:8      | Reached skill level 10 in Earth Magic
 10081 | D:7      | Noticed Joseph
 10102 | D:9      | Noticed Grum
 10326 | D:7      | Noticed Menkaure
 10353 | D:6      | Offered knowledge of Ignite Poison by Vehumet.
 10539 | D:6      | Reached skill level 5 in Fighting
 10676 | D:7      | Found a runed translucent gate.
 10677 | D:7      | Noticed sydd's ghost (novice GnWr)
 10765 | D:7      | Killed Menkaure
 10909 | D:7      | Noticed Prince Ribbit
 10915 | D:7      | Killed Prince Ribbit
 10915 | D:7      | Reached skill level 1 in Shields
 10922 | D:7      | Got a fine glaive
 10923 | D:7      | Identified the +7 glaive "Vuwnezem" {venom, rElec Str-4
                  | Int-2 Dex+9} (You found it on level 7 of the Dungeon)
 10957 | D:7      | Found a runed translucent gate.
 10957 | D:7      | Found a runed translucent gate.
 11720 | D:7      | Killed Joseph
 12214 | D:9      | Killed Grum
 12711 | D:9      | Found Vailaunk's Book Boutique.
 13125 | D:10     | Entered Level 10 of the Dungeon
 13248 | D:10     | Reached **** piety under Vehumet
 13272 | D:10     | Noticed a cyclops
 13272 | D:10     | Noticed a seven-headed hydra
 13278 | D:10     | Slain by a seven-headed hydra

Skill      XL: |  1  2  3  4  5  6  7  8  9 10 |
---------------+-------------------------------+-----
Earth Magic    | 4 5 6 7 8 9 10 | 10.6
Spellcasting   | 3 4 5 6 7 8 |  8.0
Conjurations   | 1 2 3 4 6 7 8 |  8.0
Fighting       | 1 4 6 |  6.0
Shields        | 4 |  4.3
Dodging        | |  1.5
Stealth        | |  2.1
Transmutations | |  0.7

Action                   |  1- 3 |  4- 6 |  7- 9 | 10-12 || total
-------------------------+-------+-------+-------+-------++-------
Melee: Unarmed           |    17 |       |       |       ||    17
       Spear             |    71 |       |       |       ||    71
       Dagger            |    75 |   155 |   275 |    99 ||   604
 Cast: Sandblast         |    29 |    25 |    46 |     7 ||   107
       Stone Arrow       |       |       |    35 |    24 ||    59
       Lee's Rapid Decon |       |       |    22 |    11 ||    33
Evoke: Wand              |       |       |     2 |     4 ||     6
  Use: Potion            |       |     1 |       |       ||     1
       Scroll            |       |       |    11 |     1 ||    12
 Stab: Sleeping          |     4 |     3 |     1 |     1 ||     9
       Paralysed         |       |       |     2 |    15 ||    17
       Distracted        |       |       |       |     1 ||     1
  Eat: Chunk             |     5 |     5 |    16 |     6 ||    32
       Ration            |       |       |     3 |     3 ||     6
Armor: Robe              |    39 |    81 |   112 |    88 ||   320
Dodge: Dodged            |    96 |   101 |   206 |   110 ||   513
       Deflected         |       |       |       |     3 ||     3
